 Dungeon Crawl Stone Soup version 0.31.0-12-g77e489cdc1 (webtiles) character file.

Game seed: 5891370290907772669

10147 Silvore the Cleaver (level 11, -8/78 (84) HPs)
             Began as a Demonspawn Fighter on Feb 12, 2024.
             Was a Believer of Okawaru.
             Mangled by a wraith (13 damage)
             ... led by Josephine
             ... on level 10 of the Dungeon.
             The game lasted 00:13:32 (10724 turns).

Silvore the Cleaver (Demonspawn Fighter)           Turns: 10724, Time: 00:13:32

HP:   -8/78 (84)    AC: 12    Str: 20    XL:     11   Next: 32%
MP:   11/11         EV: 13    Int: 12    God:    Okawaru [**....]
Gold: 871           SH:  5    Dex: 15    Spells: 10/10 levels left

rFire   . . .        D - +8 demon blade "Leech" {evervamp, Harm ^Drain rN+}
rCold   + + .        c - +0 buckler
rNeg    + . .        r - +1 troll leather armour
rPois   .            p - +0 helmet {SInv}
rElec   +            (cloak unavailable)
rCorr   .            m - +0 pair of gloves
SInv    +            t - +0 pair of boots
Will    ++...        F - amulet of regeneration
Stlth   ++           x - ring of Zakaceiv {rElec rC+ Will+ Int+3 Dex+2}
HPRegen 1.93/turn    E - ring of willpower
MPRegen 0.12/turn

%: harm (+30% outgoing, +20% incoming)
@: mighty, slowed, drained, very slow
A: icy blue scales 3, weakness stinger 3
a: Renounce Religion, Heroism


You were on level 10 of the Dungeon.
You worshipped Okawaru.
Okawaru was pleased with you.
You visited 2 branches of the dungeon, and saw 11 of its levels.

You collected 986 gold pieces.
You spent 115 gold pieces at shops.

Inventory:

Hand Weapons
 a - a +1 long sword
 h - the +7 war axe of the Scorching Oracle {speed, ^Drain rF+++ rCorr Dex+2}
   (You found it on level 3 of the Dungeon)

   Dex+2:     It affects your dexterity (+2).
   rF+++:     It renders you almost immune to fire.
   rCorr:     It protects you from acid and corrosion.
   ^Drain:    It drains your maximum health when unequipped.
 D - the +8 demon blade "Leech" (weapon) {evervamp, Harm ^Drain rN+}
   (You acquired it on level 9 of the Dungeon)

   rN+:       It protects you from negative energy.
   ^Drain:    It drains your maximum health when unequipped.
   Harm:      It increases damage dealt and taken.
Missiles
 d - a throwing net (quivered)
Armour
 b - a +0 scale mail
 c - a +0 buckler (worn)
 f - a +0 hat
 m - a +0 pair of gloves (worn)
 n - a +0 chain mail
 p - a +0 helmet of see invisible (worn)
 r - a +1 troll leather armour (worn)
 t - a +0 pair of boots (worn)
Jewellery
 x - the ring of Zakaceiv (left hand) {rElec rC+ Will+ Int+3 Dex+2}
   (You found it on level 6 of the Dungeon)

   [ring of willpower]

   Int+3:     It affects your intelligence (+3).
   Dex+2:     It affects your dexterity (+2).
   rC+:       It protects you from cold.
   rElec:     It insulates you from electricity.
   Will+:     It increases your willpower.
 y - an amulet of the acrobat
 z - a ring of ice
 E - a ring of willpower (right hand)
 F - an amulet of regeneration (around neck)
 H - a ring of resist corrosion
Wands
 s - a wand of flame (46)
 w - a wand of roots (10)
 L - a wand of polymorph (7)
Scrolls
 o - a scroll of enchant weapon
 q - a scroll of amnesia
 u - 2 scrolls of teleportation
 G - a scroll of fear
 I - a scroll of revelation
Potions
 e - a potion of degeneration
 g - a potion of attraction
 i - 5 potions of curing
 j - a potion of resistance
 k - 2 potions of brilliance
 l - 4 potions of enlightenment
 v - 2 potions of haste
 A - a potion of ambrosia
 C - a potion of lignification
 N - a potion of mutation


   Skills:
 + Level 7.4 Fighting
 + Level 6.9 Long Blades
 + Level 10.4 Axes
 + Level 6.0 Armour
 + Level 4.7 Dodging
 + Level 3.0 Stealth
 + Level 4.8 Shields


You had 10 spell levels left.
You didn't know any spells.
Your spell library contained the following spells:

 Spells                   Type           Power      Damage    Failure   Level
 Cigotuvi's Dreadful Rot  Necr/Alch/Air  0%         N/A       56%         2
 Ensorcelled Hibernation  Hex/Ice        0%         N/A       56%         2
 Static Discharge         Conj/Air       0%         3-3/arc   56%         2
 Inner Flame              Hex/Fire       0%         N/A       80%         3
 Passwall                 Erth           0%         N/A       80%         3
 Swiftness                Air            0%         N/A       80%         3
 Airstrike                Air            0%         2d(0-16)  99%         4
 Dispel Undead            Necr           0%         3d6       99%         4
 Irradiate                Conj/Alch      0%         3d11      100%        5
 Ignition                 Fire           0%         3d3       100%        8
 Martyr's Knell           Necr/Summ      Unusable   N/A       N/A         4
 Summon Lightning Spire   Summ/Air       Unusable   N/A       N/A         4
 Death Channel            Necr           Unusable   N/A       N/A         6

Dungeon Overview and Level Annotations

Branches:
Dungeon (10/15)            Temple (1/1) D:6            Lair (0/5) D:10
    Orc (0/2) D:10

Altars:
Ashenzari
Cheibriados
Dithmenos
Fedhas
Gozag
Hepliaklqana
Kikubaaqudgha
Makhleb
Nemelex Xobeh
Okawaru
Qazlal
Ru
Sif Muna
Trog
Uskayaw
Vehumet
Wu Jian
Xom
Yredelemnul

Shops:
D:2 (   D:4 [

Annotations:
D:8 3 runed translucent doors, FoolsGold's ghost, novice DjFE
D:10 3 runed translucent doors, Josephine; peterlawrence's ghost, journeyman MiFi


Innate Abilities, Weirdness & Mutations

You are completely covered in icy blue scales. (AC +4, rC+)
You have a sharp stinger which inflicts weakening toxins.


Message History

Josephine hits you but does no damage.
You barely miss the wraith.
The wraith is almost destroyed.
The wraith closely misses you.
Josephine hits you with a +1 dagger of protection!
* * * LOW HITPOINT WARNING * * *
You barely miss the wraith.
Your tail-slap misses the wraith.
The wraith is almost destroyed.
You block the wraith's attack.
Josephine hits you with a +1 dagger of protection.
* * * LOW HITPOINT WARNING * * *
You block the wraith's attack.
Josephine hits you with a +1 dagger of protection!
* * * LOW HITPOINT WARNING * * *
You barely miss Josephine.
Your tail-slap misses Josephine.
The wraith hits you but does no damage.
Josephine hits you with a +1 dagger of protection.
* * * LOW HITPOINT WARNING * * *
You completely miss Josephine. The wraith hits you.
* * * LOW HITPOINT WARNING * * *
The wraith drains your vigour!
You feel as though you will be slow longer.
You block Josephine's attack. The wraith hits you but does no damage.
You block Josephine's attack.
You feel very mighty all of a sudden. The wraith barely misses you.
Josephine screams, "I have something special for you."
Josephine hits you with a +1 dagger of protection!
* * * LOW HITPOINT WARNING * * *
You slash Josephine!
Josephine is lightly wounded.
The wraith closely misses you. Josephine hits you but does no damage.
The wraith hits you.
* * * LOW HITPOINT WARNING * * *
Josephine closely misses you.
Unknown command.
You barely miss Josephine. You tail-slap Josephine.
Josephine looks weaker.
Josephine is lightly wounded.
The wraith hits you!
You die...

############ ###
...........## #..
............## ##..
.............### #...
...............## #...
................# #...
.........W......## ##...
.........@@......# #....
.................# #....
#................# #....
................## #....
...............## ##....
#.............#######).>##
###.....######.....)))...#
###### ##....)####..
#######..### ###


You could see Josephine (weak) and a wraith.

Vanquished Creatures
  A two-headed ogre (D:10)
  Lodul (D:10)
  3 kobold demonologists (D:8)
  Maggie (D:10)
  A troll (D:8)
  Grinder (D:3)
  2 shadows
  15 yaks
  2 wyverns
  3 wraiths (D:10)
  A steam dragon (D:7)
  4 water moccasins
  Duvessa (D:7)
  2 orc warriors
  A sky beast (D:7)
  4 centaurs
  6 ogres (D:10)
  A kobold brigand (D:8)
  3 bullfrogs
  2 scorpions
  17 wights
  Dowan (D:7)
  4 killer bees (D:7)
  A howler monkey (D:9)
  2 bombardier beetles (D:4)
  A gnoll bouda (D:9)
  5 hounds
  5 jellies
  5 orc priests
  A sleepcap (D:7)
  Natasha (thrice) (D:4)
  An iguana (D:6)
  4 orc wizards
  Robin (D:3)
  9 gnolls
  14 adders
  A shadow imp (D:8)
  2 ufetubi (D:4)
  4 dart slugs
  3 ribbon worms
  30 orcs
  7 ball pythons
  6 bats
  5 endoplasms
  3 giant cockroaches
  8 hobgoblins
  3 jackals (D:1)
  16 kobolds
  6 quokkas
  4 frilled lizards (D:1)
  12 goblins
  6 rats
245 creatures vanquished.

Notes
Turn   | Place    | Note
-------+----------+-------------------------------------------
     0 | D:1      | Silvore the Demonspawn Fighter began the quest for the Orb.
     0 | D:1      | Reached XP level 1. HP: 18/18 MP: 1/1
    79 | D:1      | Gained mutation: You have a small tail. [demonic ancestry]
    79 | D:1      | Reached XP level 2. HP: 20/24 MP: 2/2
   491 | D:1      | Gained mutation: You are partially covered in icy blue
                  | scales. (AC +2) [demonic ancestry]
   491 | D:1      | Reached XP level 3. HP: 23/29 MP: 3/3
  1020 | D:2      | Found Geegeicraf's Antique Weapon Shoppe.
  1165 | D:2      | Reached skill level 1 in Dodging
  1165 | D:2      | Gained mutation: You are mostly covered in icy blue scales.
                  | (AC +3) [demonic ancestry]
  1165 | D:2      | Reached XP level 4. HP: 35/35 MP: 4/4
  2009 | D:3      | Noticed Grinder
  2046 | D:3      | Killed Grinder
  2047 | D:3      | Gained mutation: You are completely covered in icy blue
                  | scales. (AC +4, rC+) [demonic ancestry]
  2047 | D:3      | Reached XP level 5. HP: 21/41 MP: 5/5
  2047 | D:3      | Reached XP level 6. HP: 24/47 MP: 6/6
  2168 | D:3      | Found a radiant altar of Vehumet.
  2200 | D:3      | Found a shimmering altar of Xom.
  2464 | D:3      | Noticed a water moccasin
  2466 | D:3      | Noticed Robin
  2490 | D:3      | Killed a water moccasin
  2527 | D:3      | Killed Robin
  2698 | D:3      | Identified the +7 war axe of the Scorching Oracle {speed,
                  | ^Drain rF+++ rCorr Dex+2}
  3988 | D:4      | Reached XP level 7. HP: 44/45 MP: 7/7
  4041 | D:4      | Noticed Natasha
  4043 | D:4      | Killed Natasha
  4118 | D:4      | Found Pir Ystak's Armour Boutique.
  4129 | D:4      | Reached skill level 1 in Axes
  4133 | D:4      | Bought a +0 helmet of see invisible for 115 gold pieces
  4236 | D:4      | Found a shimmering blue altar of Sif Muna.
  4406 | D:4      | Noticed Natasha
  4418 | D:4      | Killed Natasha
  4431 | D:4      | Noticed Natasha
  4437 | D:4      | Found a snail-covered altar of Cheibriados.
  4451 | D:4      | Killed Natasha
  4805 | D:5      | Entered Level 5 of the Dungeon
  4868 | D:5      | Found an ancient bone altar of Kikubaaqudgha.
  5129 | D:5      | Reached skill level 2 in Axes
  5347 | D:6      | Identified the ring of Zakaceiv {rElec rC+ Will+ Int+3
                  | Dex+2}
  5457 | D:6      | Reached skill level 3 in Axes
  5457 | D:6      | Reached XP level 8. HP: 38/61 MP: 8/8
  5635 | D:6      | Reached skill level 4 in Axes
  5636 | D:6      | Reached skill level 5 in Armour
  5798 | D:6      | Found a staircase to the Ecumenical Temple.
  5814 | Temple   | Entered the Ecumenical Temple
  6211 | D:7      | Reached skill level 5 in Axes
  6306 | D:7      | Reached skill level 6 in Axes
  6324 | D:7      | Gained mutation: You have a tail ending in a sharp stinger.
                  | [demonic ancestry]
  6324 | D:7      | Reached XP level 9. HP: 28/67 MP: 9/9
  6472 | D:7      | Reached skill level 5 in Fighting
  6650 | D:7      | Noticed Duvessa
  6651 | D:7      | Noticed Dowan
  6660 | D:7      | Killed Duvessa
  6662 | D:7      | Killed Dowan
  6663 | D:7      | Reached skill level 7 in Axes
  6671 | D:7      | Found a blossoming altar of Fedhas.
  6996 | D:7      | Reached skill level 1 in Stealth
  7120 | D:7      | Found a hide-covered altar of Uskayaw.
  7296 | D:8      | Reached skill level 8 in Axes
  7322 | D:8      | Noticed a troll
  7330 | D:8      | Killed a troll
  7661 | D:8      | Found a bloodstained altar of Trog.
  7738 | D:8      | Gained mutation: You have a sharp stinger which inflicts
                  | weakening toxins. [demonic ancestry]
  7738 | D:8      | Reached XP level 10. HP: 63/76 MP: 10/10
  7747 | D:8      | Reached skill level 9 in Axes
  7827 | D:8      | Noticed a soul eater
  7837 | D:8      | Noticed a rust devil
  7863 | D:8      | Identified the +3 leather armour of the Battered Hosts
                  | {-Tele rN+++ Dex-4 Stlth+}
  8108 | D:8      | Found a runed translucent gate.
  8108 | D:8      | Found a runed translucent gate.
  8109 | D:8      | Found a runed translucent gate.
  8109 | D:8      | Noticed FoolsGold's ghost (novice DjFE)
  9112 | D:9      | Reached skill level 10 in Axes
  9274 | D:9      | Found an opulent altar of Gozag.
  9467 | D:9      | Identified a scroll of acquirement
  9467 | D:9      | Acquired the +8 demon blade "Leech" {evervamp, Harm ^Drain
                  | rN+}
  9467 | D:9      | Found the +8 demon blade "Leech" {evervamp, Harm ^Drain
                  | rN+}
 10184 | D:10     | Entered Level 10 of the Dungeon
 10187 | D:10     | Found a staircase to the Lair.
 10240 | D:10     | Reached skill level 5 in Long Blades
 10283 | D:10     | Noticed a deep elf knight
 10292 | D:10     | Found a staircase to the Orcish Mines.
 10309 | D:10     | Noticed a gargoyle
 10310 | D:10     | Noticed peterlawrence's ghost (journeyman MiFi)
 10312 | D:10     | Noticed a centaur warrior
 10327 | D:10     | Found an iron altar of Okawaru.
 10342 | D:10     | Became a worshipper of Warmaster Okawaru
 10408 | D:10     | Reached XP level 11. HP: 84/84 MP: 11/11
 10418 | D:10     | Found a basalt altar of Yredelemnul.
 10452 | D:10     | Noticed Lodul
 10467 | D:10     | Killed Lodul
 10467 | D:10     | Reached * piety under Okawaru
 10487 | D:10     | Found a broken altar of Ashenzari.
 10503 | D:10     | Noticed a two-headed ogre
 10504 | D:10     | Noticed Maggie
 10535 | D:10     | Killed a two-headed ogre
 10574 | D:10     | Killed Maggie
 10650 | D:10     | Found a runed translucent gate.
 10650 | D:10     | Found a runed translucent gate.
 10650 | D:10     | Found a runed translucent gate.
 10694 | D:10     | Noticed Josephine
 10705 | D:10     | Reached ** piety under Okawaru
 10713 | D:10     | HP: 4/80 [Josephine/+1 dagger of protection (10)]
 10722 | D:10     | HP: 2/78 [Josephine/+1 dagger of protection (10)]
 10724 | D:10     | Mangled by a wraith

Illustrated notes

Levels and vault maps discovered:
D:1:      dpeg_arrival_solitude, layout_loops_ring
D:2:      layout_loops_corners, serial_shops, shop
D:3:      layout_rooms, nicolae_vehumet_altar_sigil, mainiacjoe_overflow_paths,
          st_stairs_13, uniq_robin, uniq_grinder
D:4:      layout_basic, mainiacjoe_overflow_chevrons, led_sif_book,
          serial_shops, shop, uniq_natasha
D:5:      layout_basic, kiku_gazebo_pond_becter
D:6:      layout_loops_ring, minmay_temple_entry_slanted
D:7:      layout_basic, mainiacjoe_overflow_six_doors_small,
          mainiacjoe_overflow_cross_hatched, feat_on_display, uniq_duvessa
D:8:      layout_loops_corners, mainiacjoe_overflow_alcove_2,
          ebering_ghost_rock_garden, nicolae_benzene_ring,
          mrwooster_statue_mirror
D:9:      layout_layer_cave, amcnicky_altar_gilded
D:10:     layout_cave_pods, mainiacjoe_overflow_catwalk,
          mainiacjoe_overflow_surrounded_room, mainiacjoe_overflow_divided_tiny,
          zin_academy, lair_entry_dummy, hiddenorc1_lemuel,
          gammafunk_ghost_split, serial_shops, nicolae_shop_tiny_statue_garden,
          uniq_lodul, uniq_maggie, uniq_josephine, uniq_nergalle
Temple:   pf_temple_reverse_labyrinth

Skill      XL: |  1  2  3  4  5  6  7  8  9 10 11 |
---------------+----------------------------------+-----
Armour         | 3 4 5 6 |  6.0
Long Blades    | 2 4 5 6 |  6.9
Dodging        | 1 2 4 |  4.7
Shields        | 3 4 |  4.8
Fighting       | 4 6 7 |  7.4
Axes           | 3 6 8 10 | 10.4
Stealth        | 1 2 3 |  3.0

Action                     |  1- 3 |  4- 6 |  7- 9 | 10-12 || total
---------------------------+-------+-------+-------+-------++-------
  Melee: Long sword        |   112 |   157 |       |       ||   269
         Tailslap          |    12 |    13 |    37 |    28 ||    90
         War axe           |       |     7 |   241 |    92 ||   340
         Demon blade       |       |       |       |   124 ||   124
    Use: Scroll            |     4 |     7 |     8 |     6 ||    25
         Potion            |     1 |     1 |     2 |     4 ||     8
   Stab: Sleeping          |       |       |       |     1 ||     1
         Invisible         |       |       |       |     4 ||     4
 Armour: Scale mail        |    95 |    53 |       |       ||   148
         Chain mail        |       |    78 |   154 |       ||   232
         Troll leather arm |       |       |    11 |   159 ||   170
  Dodge: Dodged            |    52 |    83 |    89 |   121 ||   345
  Block: Buckler           |    34 |    48 |    54 |    50 ||   186
